 Dungeon Crawl Stone Soup version 0.25-a0-306-g3faca94807 (webtiles) character file.

Game seed: 273380238714514458, levelgen mode: deterministic

87 MoonlitKnight the Charmwright (level 4, 0/38 HPs)
             Began as a Gnoll Skald on Dec 21, 2019.
             Slain by a worm (4 damage)
             ... on level 2 of the Dungeon.
             The game lasted 00:03:04 (1166 turns).

MoonlitKnight the Charmwright (Gnoll Skald)         Turns: 1166, Time: 00:03:04

Health: 0/38       AC:  5    Str: 14    XL:     4   Next: 51%
Magic:  11/11      EV: 13    Int: 15    God:
Gold:   58         SH:  0    Dex: 15    Spells: 2/13 levels left

rFire    . . .     SeeInvis .   k - +2 whip (elec)
rCold    . . .     Gourm    .   (no shield)
rNeg     . . .     Faith    .   h - +0 ring mail
rPois    .         Spirit   .   (no helmet)
rElec    .         Reflect  .   (no cloak)
rCorr    .         Harm     .   (no gloves)
MR       .....                  (no boots)
Stlth    +.........             (no amulet)
HPRegen  0.12/turn              (no ring)
MPRegen  0.12/turn              (no ring)

@: no status effects
A: distributed training, fangs 1, strong nose
a: no special abilities


You were on level 2 of the Dungeon.
You were not hungry.

You visited 1 branch of the dungeon, and saw 2 of its levels.

You collected 58 gold pieces.

Inventory:

Hand Weapons
 a - a +0 spear
 k - a +2 whip of electrocution (weapon)
Armour
 h - a +0 ring mail (worn)
Scrolls
 b - a scroll of teleportation {unknown}
 e - 2 scrolls of identify {unknown}
 i - a scroll of immolation {unknown}
 j - a scroll of enchant weapon {unknown}
 l - a scroll of remove curse {unknown}
Potions
 f - a potion of might {unknown}
 g - a potion of brilliance {unknown}
 m - a potion of magic {unknown}
Comestibles
 c - 4 chunks of flesh
 d - 2 rations


   Skills:
 + Level 4.6 Fighting
 + Level 1.1 Short Blades
 + Level 1.1 Long Blades
 + Level 1.1 Axes
 + Level 1.1 Maces & Flails
 + Level 4.6 Polearms
 + Level 1.1 Staves
 + Level 1.1 Slings
 + Level 1.1 Bows
 + Level 1.1 Crossbows
 + Level 1.1 Throwing
 + Level 2.7 Armour
 + Level 4.6 Dodging
 + Level 1.1 Stealth
 + Level 1.1 Shields
 + Level 1.1 Unarmed Combat
 + Level 5.1 Spellcasting
 + Level 0.9 Conjurations
 + Level 0.9 Hexes
 + Level 5.4 Charms
 + Level 0.9 Summonings
 + Level 0.9 Necromancy
 + Level 0.9 Translocations
 + Level 0.9 Transmutations
 + Level 0.9 Fire Magic
 + Level 0.9 Ice Magic
 + Level 0.9 Air Magic
 + Level 0.9 Earth Magic
 + Level 0.9 Poison Magic
 + Level 1.2 Invocations
 + Level 1.1 Evocations


You had 2 spell levels left.
You knew the following spells:

 Your Spells              Type           Power        Failure   Level  Hunger
a - Spectral Weapon       Hex/Chrm       ##......     26%         3    ###....
b - Shroud of Golubria    Chrm/Tloc      ##....       13%         2    ##.....
c - Regeneration          Chrm/Necr      ##........   26%         3    ###....
d - Song of Slaying       Chrm           ###.....     4%          2    ##.....
e - Infusion              Chrm           ###.         3%          1    None

Your spell library contained the following spells:

 Spells                   Type           Power        Failure   Level  Hunger


Dungeon Overview and Level Annotations

Branches:
Dungeon (2/15)

Altars:


Innate Abilities, Weirdness & Mutations

Your experience applies equally to all skills.
You have very sharp teeth.
Your uncanny sense of smell can sniff out nearby items.


Message History

You barely miss the worm. You bite the worm, but do no damage.
The worm is severely wounded.
The jackal closely misses you. The worm bites you.
The jackal barely misses you. The worm bites you. The frilled lizard bites you.
You are too injured to fight recklessly!
You hit the worm.
The worm is moderately wounded.
The jackal barely misses you. The frilled lizard bites you. The worm bites you.
You barely miss the worm.
The worm is lightly wounded.
The jackal bites you but does no damage.
The worm bites you!
* * * LOW HITPOINT WARNING * * *
The jackal closely misses you. The frilled lizard misses you.
You whack the worm! Your bite misses the worm.
The worm is severely wounded.
The jackal bites you but does no damage.
The worm barely misses you. The frilled lizard closely misses you.
The worm bites you.
You die...

#.##..<......#
#............#
###...########
.####..##
...###..#
##......##
######..####
#.....########
#####.^...@w.#
# #....wlh.# #
#........# #
#........#
########
#........#
.......#
#.......$#
######.#
########## ##
##.#######
.####....รท...#


You could see 2 worms, a jackal and a frilled lizard.

Vanquished Creatures
  Natasha (D:2)
  2 adders (D:2)
  An ooze (D:2)
  A dart slug (D:2)
  A ball python (D:1)
  3 giant cockroaches (D:2)
  2 goblins
  5 hobgoblins
  6 jackals (D:1)
  A quokka (D:2)
  4 bats
  4 kobolds
  5 rats
36 creatures vanquished.

Notes
Turn   | Place    | Note
-------+----------+-------------------------------------------
     0 | D:1      | MoonlitKnight the Gnoll Skald began the quest for the Orb.
     0 | D:1      | Reached XP level 1. HP: 20/20 MP: 6/6
    99 | D:1      | Reached XP level 2. HP: 26/26 MP: 7/7
   682 | D:2      | Reached skill level 5 in Spellcasting
   682 | D:2      | Reached XP level 3. HP: 25/31 MP: 7/9
   791 | D:2      | Reached skill level 1 in Invocations
   823 | D:2      | Noticed Natasha
   828 | D:2      | Killed Natasha
   828 | D:2      | Reached skill level 1 in Short Blades
   828 | D:2      | Reached skill level 1 in Long Blades
   828 | D:2      | Reached skill level 1 in Axes
   828 | D:2      | Reached skill level 1 in Maces & Flails
   828 | D:2      | Reached skill level 1 in Staves
   828 | D:2      | Reached skill level 1 in Slings
   828 | D:2      | Reached skill level 1 in Bows
   828 | D:2      | Reached skill level 1 in Crossbows
   828 | D:2      | Reached skill level 1 in Throwing
   828 | D:2      | Reached skill level 1 in Stealth
   828 | D:2      | Reached skill level 1 in Shields
   828 | D:2      | Reached skill level 1 in Unarmed Combat
   828 | D:2      | Reached skill level 1 in Evocations
   828 | D:2      | Reached XP level 4. HP: 18/38 MP: 11/11
  1000 | D:2      | Found a faded altar of an unknown god.
  1034 | D:2      | Learned a level 2 spell: Song of Slaying
  1037 | D:2      | Learned a level 2 spell: Shroud of Golubria
  1041 | D:2      | Learned a level 3 spell: Regeneration
  1045 | D:2      | Learned a level 3 spell: Spectral Weapon
  1166 | D:2      | Slain by a worm

Levels and vault maps discovered:
D:1:      dpeg_arrival_arbitrary_c, layout_loops_cross
D:2:      layout_rooms, chequers_ecumenical_altar_island, trog_hazing_becter,
          uniq_natasha

Skill      XL: |  1  2  3 |
---------------+----------+-----
Spellcasting   | 5 |  5.1
Invocations    | 1 |  1.2
Short Blades   | 1 |  1.1
Long Blades    | 1 |  1.1
Axes           | 1 |  1.1
Maces & Flails | 1 |  1.1
Staves         | 1 |  1.1
Slings         | 1 |  1.1
Bows           | 1 |  1.1
Crossbows      | 1 |  1.1
Throwing       | 1 |  1.1
Stealth        | 1 |  1.1
Shields        | 1 |  1.1
Unarmed Combat | 1 |  1.1
Evocations     | 1 |  1.1
Fighting       | |  4.6
Polearms       | |  4.6
Armour         | |  2.7
Dodging        | |  4.6
Conjurations   | |  0.9
Hexes          | |  0.9
Charms         | |  5.4
Summonings     | |  0.9
Necromancy     | |  0.9
Translocations | |  0.9
Transmutations | |  0.9
Fire Magic     | |  0.9
Ice Magic      | |  0.9
Air Magic      | |  0.9
Earth Magic    | |  0.9
Poison Magic   | |  0.9

Action                   |  1- 3 |  4- 6 || total
-------------------------+-------+-------++-------
Melee: Spear             |    67 |       ||    67
       Bite              |     8 |     3 ||    11
       Whip              |    31 |    29 ||    60
 Stab: Sleeping          |     1 |       ||     1
  Eat: Chunk             |       |     1 ||     1
Armor: Leather armour    |     6 |       ||     6
       Ring mail         |    16 |    18 ||    34
Dodge: Dodged            |    51 |    32 ||    83

Table legend:
 A = Non-vault XP
 B = Vault XP
 C = Vault XP percentage of total XP
 D = Non-vault monster count
 E = Vault monster count
 F = Vault count percentage of total count
                 A         B        C        D         E       F
            +---------+---------+-------+---------+---------+-------
      Total |      90 |      35 |  28.0 |      35 |       1 |   2.8
            +---------+---------+-------+---------+---------+-------
        D:1 |      30 |       0 |   0.0 |      19 |       0 |   0.0
        D:2 |      60 |      35 |  36.8 |      16 |       1 |   5.9
            +---------+---------+-------+---------+---------+-------
